Map: Shrines of Lizul

Players

Mushroomen

  • Race: Terran Terran
  • Spawn Location: 3:00

PureLegacy

  • Race: Terran Terran
  • Spawn Location: 12:00

Lex

  • Race: Zerg Zerg
  • Spawn Location: 6:00

IIIIIIIIIIII

  • Race: Terran Terran
  • League: Master
  • Spawn Location: 9:00

VOD

Have the link to the VOD?

Description

Time

  • Played on: Nov. 25, 2018, 5:36 p.m.
  • Length: 5:22
Show
View Real Time Build Order
Export as new Build Order

Mushroomen Terran 

Build Orders: Hellion Opening, Mech 

Get SALT Encoding   

  12  0:01  SCV  
  13  0:13  SCV  
  14  0:18  Supply Depot  
  14  0:25  SCV  
  15  0:31  Refinery  
  15  0:39  SCV  
  16  0:47  Barracks  
  16  0:52  SCV  
  17  1:04  SCV  
  18  1:16  SCV  
  19  1:28  SCV  
  20  1:41  Orbital Command  
  20  1:48  Command Center  
  20  1:54  Refinery  
  20  2:06  Factory  
  20  2:08  Barracks Reactor  
  20  2:12  SCV  
  21  2:24  Supply Depot  
  21  2:25  SCV  
  23  2:37  SCV  
  23  2:49  SCV  
  24  2:56  Hellion x2  
  28  3:01  SCV  
  28  3:05  Factory  
  29  3:08  SCV  
  29  3:11  Factory  
  30  3:13  SCV  
  31  3:20  SCV  
  31  3:21  Hellion  
  31  3:25  Hellion, SCV  
  37  3:32  SCV  
  38  3:37  SCV  
  39  3:44  SCV  
  39  3:46  Hellion  
  39  3:47  Hellion  
  44  3:49  SCV  
  45  3:56  Factory Tech Lab x2, SCV  
  44  4:08  Hellion  
  46  4:15  SCV x2  
  46  4:16  Supply Depot  
  46  4:18  Supply Depot  
  46  4:21  Hellion  
  46  4:34  Supply Depot  
  46  4:38  SCV x2, Siege Tank x2  
  52  4:45  Hellion x2  
  50  4:50  SCV x2  
  50  5:02  SCV x2  
Show
View Real Time Build Order
Export as new Build Order

PureLegacy Terran 

Build Orders:  

Get SALT Encoding   

  12  0:01  SCV  
  13  0:13  SCV  
  14  0:18  Supply Depot  
  14  0:25  SCV  
  15  0:29  Refinery  
  15  0:40  SCV  
  16  0:46  Barracks  
  16  0:52  SCV  
  17  1:08  Barracks  
  17  1:18  Barracks  
  17  1:21  SCV  
  18  1:34  Reaper  
  18  1:39  Orbital Command  
  19  1:49  Refinery  
  19  1:56  Reaper  
  19  1:59  Supply Depot  
  20  2:05  Reaper  
  21  2:10  Reaper  
  22  2:16  SCV  
  23  2:23  Supply Depot  
  23  2:29  Reaper  
  24  2:30  SCV  
  25  2:38  Reaper  
  25  2:42  SCV  
  27  2:45  Reaper  
  28  2:54  SCV  
  29  3:02  Reaper  
  30  3:10  Reaper  
  31  3:17  Reaper  
  31  3:19  Command Center  
  31  3:21  SCV  
  31  3:34  Reaper  
  32  3:42  Reaper  
  32  3:45  SCV  
  34  3:49  Reaper  
  34  3:52  Barracks  
  34  3:53  Barracks  
  34  3:57  SCV  
  35  4:06  Reaper  
  35  4:18  Supply Depot  
  35  4:20  Supply Depot  
  32  4:30  Reaper x2  
  29  4:38  Reaper  
  19  4:43  Orbital Command  
Show
View Real Time Build Order
Export as new Build Order

Lex Zerg 

Build Orders: Pool First 

Get SALT Encoding   

  12  0:01  Drone  
  13  0:13  Overlord  
  13  0:18  Drone  
  14  0:31  Drone  
  14  0:32  Drone  
  16  0:37  Drone  
  16  0:40  Extractor  
  16  0:50  Spawning Pool  
  16  0:52  Drone  
  16  0:58  Drone  
  17  1:08  Drone  
  18  1:19  Drone  
  19  1:32  Overlord  
  19  1:37  Queen  
  21  1:42  Drone, Roach Warren  
  21  1:45  Extractor  
  20  1:52  Drone  
  21  2:01  Drone  
  22  2:13  Drone  
  23  2:24  Zergling x2  
  24  2:34  Roach  
  26  2:47  Roach x2  
  26  2:48  Overlord  
  30  2:56  Overlord  
  30  3:09  Roach  
  30  3:11  Roach  
  34  3:18  Roach  
  34  3:19  Roach x2  
  40  3:26  Roach  
  42  3:37  Ravager x2  
  42  3:38  Ravager  
  42  3:41  Roach  
  46  3:44  Overlord  
  42  4:11  Roach x3  
  45  4:26  Roach  
  47  4:34  Ravager  
  46  4:43  Roach  
  46  4:44  Roach  
  50  4:54  Drone, Hatchery  
  50  5:08  Ravager  
  50  5:09  Ravager x3  
Show
View Real Time Build Order
Export as new Build Order

IIIIIIIIIIII Terran 

Build Orders:  

Get SALT Encoding   

  12  0:00  SCV  
  13  0:12  SCV  
  14  0:18  Supply Depot  
  14  0:24  SCV  
  15  0:39  SCV  
  15  0:41  Barracks  
  16  0:45  Refinery  
  16  0:51  SCV  
  17  1:03  Barracks  
  17  1:05  SCV  
  18  1:17  SCV  
  19  1:28  Reaper  
  19  1:29  Orbital Command  
  20  1:38  Barracks  
  20  1:46  Refinery  
  20  1:50  Reaper  
  21  1:56  Supply Depot  
  21  2:00  SCV  
  22  2:05  Reaper  
  23  2:18  SCV  
  24  2:24  Supply Depot, Reaper  
  25  2:30  SCV  
  25  2:32  Reaper  
  27  2:42  SCV  
  27  2:44  Reaper  
  28  2:54  SCV  
  28  2:56  Reaper  
  30  3:02  Command Center  
  30  3:11  Reaper  
  28  3:16  Reaper  
  28  3:18  SCV  
  28  3:28  Reaper  
  25  3:38  SCV  
  22  3:43  Reaper  
  20  3:48  Reaper  
  20  3:50  SCV  
  22  4:00  Reaper  
  24  4:02  SCV  
  23  4:14  SCV  
  23  4:15  Reaper  
  25  4:20  Reaper  
  25  4:27  SCV  
  26  4:33  Reaper  
  26  4:39  SCV  
  25  4:48  Reaper  
  26  4:56  SCV, Orbital Command  
Tags
 
Add a new tag
Caveats
  • Supply blocks, unpowered buildings, or Contaminate may cause inaccurate times.
  • Supply counts are checked every 10 seconds.